 Dungeon Crawl Stone Soup version 0.30-a0-632-g346586fe48 (webtiles) character file.

Game seed: 6858099723728374474

1565 HoaS the Skirmisher (level 8, -2/44 HPs)
             Began as a Gargoyle Hunter on Jan 13, 2023.
             Was an Initiate of Gozag.
             Slain by a wraith (3 damage)
             ... in an ossuary.
             The game lasted 00:11:41 (6096 turns).

HoaS the Skirmisher (Gargoyle Hunter)               Turns: 6096, Time: 00:11:42

Health: -2/44      AC: 10    Str: 15    XL:     8   Next: 89%
Magic:  8/8        EV: 11    Int: 10    God:    Gozag
Gold:   541        SH:  0    Dex: 15    Spells: 7/7 levels left

rFire   . . .      SeeInvis .    a - +0 shortbow
rCold   . . .      Faith    .    (shield currently unavailable)
rNeg    + . .      Spirit   .    c - +0 leather armour
rPois   ∞          Reflect  .    (no helmet)
rElec   +          Harm     .    o - +0 cloak
rCorr   .          Rampage  .    (no gloves)
Will    .....                    k - +0 pair of boots
Stlth   ++                       (no amulet)
HPRegen 0.27/turn                (no ring)
MPRegen 0.11/turn                (no ring)

@: slowed, very slow
A: sickness immunity, AC +5, negative energy resistance 1, electricity
resistance, torment resistance 1, petrification resistance
a: Renounce Religion, Potion Petition, Call Merchant, Bribe Branch


You were in an ossuary.
You worshipped Gozag.
Gozag was pleased with you.
You visited 2 branches of the dungeon, and saw 7 of its levels.
You also visited: Ossuary.

You collected 653 gold pieces.
You paid 112 gold pieces to Gozag.

Inventory:

Hand Weapons
 a - a +0 shortbow (weapon)
Missiles
 m - a throwing net
Armour
 c - a +0 leather armour (worn)
 k - a +0 pair of boots (worn)
 o - a +0 cloak (worn)
Wands
 e - a wand of flame (21)
Scrolls
 b - 3 scrolls of immolation
 d - 4 scrolls of fear
 h - 2 scrolls of identify
 i - a scroll of blinking
 p - a scroll of magic mapping {unknown}
 r - a scroll of acquirement {unknown}
 s - a scroll of poison
 t - a scroll of teleportation
 u - a scroll of enchant weapon {unknown}
Potions
 f - a potion of flight
 g - 4 potions of curing
 j - a potion of magic {unknown}
 l - a potion of cancellation
 n - 2 potions of mutation
 q - 2 potions of brilliance {unknown}


   Skills:
 - Level 2.1 Fighting
 + Level 11.5 Ranged Weapons
 - Level 1.5 Dodging
 - Level 1.1 Stealth


You had 7 spell levels left.
You didn't know any spells.
Your spell library contained the following spells:

 Spells                   Type           Power      Damage    Failure   Level
 Kiss of Death            Conj/Necr      0%         2d5       43%         1
 Blink                    Tloc           0%         N/A       56%         2
 Ensorcelled Hibernation  Hex/Ice        0%         N/A       56%         2
 Momentum Strike          Conj/Tloc      0%         3d8       56%         2
 Passwall                 Tmut/Erth      0%         N/A       56%         2
 Confusing Touch          Hex            0%         N/A       80%         3
 Lesser Beckoning         Tloc           0%         N/A       80%         3
 Swiftness                Air            0%         N/A       80%         3
 Dispel Undead            Necr           0%         3d6       99%         4


Dungeon Overview and Level Annotations

Branches:
Dungeon (6/15)             Temple (1/1) D:5         Ossuary (1/1)

Altars:
Ashenzari
Cheibriados
Dithmenos
Elyvilon
Fedhas
Gozag
Hepliaklqana
Kikubaaqudgha
Makhleb
Nemelex Xobeh
Okawaru
Qazlal
Ru
Sif Muna
Trog
Uskayaw
Vehumet
Wu Jian
Xom
Yredelemnul
Zin
The Shining One

Shops:
D:4 (   D:5 =


Innate Abilities, Weirdness & Mutations

You are immune to sickness and miasma.
Your stone body is resilient. (AC +5)
You are immune to poison.
You resist negative energy. (rN+)
You are resistant to electric shocks. (rElec)
You are resistant to unholy torment.
You are immune to petrification.


Message History

The wraith barely misses you.
You shoot an arrow. The arrow barely misses the wraith.
The wraith hits you but does no damage. x2
You shoot an arrow. The arrow hits the wraith.
The wraith is severely damaged.
The wraith hits you.
You shoot an arrow.
The arrow hits the wraith but does no damage.
The wraith is severely damaged.
The wraith misses you. The wraith hits you. The wraith drains your vigour!
You feel as though you will be slow longer.
You shoot an arrow. The arrow closely misses the wraith.
The wraith hits you.
You shoot an arrow. The arrow barely misses the wraith.
The wraith barely misses you.
You shoot an arrow. The arrow barely misses the wraith.
The wraith barely misses you. The wraith hits you!
You shoot an arrow.
The arrow hits the wraith but does no damage.
The wraith is severely damaged.
The wraith hits you!
* * * LOW HITPOINT WARNING * * *
The wraith drains your vigour!
You feel as though you will be slow longer.
You shoot an arrow. The arrow hits the wraith.
The wraith is severely damaged.
The wraith hits you but does no damage.
You shoot an arrow. The arrow barely misses the wraith.
The wraith hits you.
* * * LOW HITPOINT WARNING * * *
The wraith drains your vigour!
You feel as though you will be slow longer.
The wraith hits you but does no damage.
You shoot an arrow. The arrow closely misses the wraith.
The wraith completely misses you.
You shoot an arrow. The arrow closely misses the wraith.
The wraith hits you.
* * * LOW HITPOINT WARNING * * *
The wraith drains your vigour!
You feel as though you will be slow longer.
The wraith hits you.
You die...
Your body crumbles into a pile of gold.

#... ..................
#..###..###..###..###..
#..#.#..#.#..# #..# ..
#..#'#..#'#..#+#..#+#..
#..#.#..#.#..#.#..#.#..
#......................
#......................
#..####......###......#
#..#?W@..8...#.#...8...
#..####......#'#......#
#............#.#.......
#......................
#..####.####.....####.#
#..# +..#.'...8...'.#..
#..####.####.....####.#
#......................
#............#.#.......


You could see a wraith.

Vanquished Creatures
  Sigmund (D:4)
  Edmund (D:6)
  An ice beast (D:5)
  A black bear (Temple)
  2 phantoms (D:4)
  5 scorpions
  2 hounds
  Crazy Yiuf (D:4)
  A gnoll bouda (Temple)
  5 orc priests
  3 orc wizards (D:5)
  2 iguanas (D:5)
  3 mummies (Ossuary)
  4 gnolls
  4 adders
  An ufetubus (D:5)
  A worm (D:2)
  5 dart slugs
  29 orcs
  5 endoplasms
  3 giant cockroaches
  6 goblins
  6 hobgoblins
  5 jackals (D:2)
  4 quokkas
  3 ball pythons
  4 bats
  A frilled lizard (D:3)
  4 hobgoblin zombies (Ossuary)
  3 kobolds
  5 kobold zombies (Ossuary)
  10 rats
131 creatures vanquished.

Vanquished Creatures (others)
  An orc wizard (D:5)
  A fungus (D:4)
2 creatures vanquished.

Grand Total: 133 creatures vanquished

Notes
Turn   | Place    | Note
-------+----------+-------------------------------------------
     0 | D:1      | HoaS the Gargoyle Hunter began the quest for the Orb.
     0 | D:1      | Reached XP level 1. HP: 12/12 MP: 1/1
   151 | D:1      | Reached XP level 2. HP: 17/17 MP: 2/2
   360 | D:1      | Found a faded altar of an unknown god.
   939 | D:2      | Reached XP level 3. HP: 21/21 MP: 3/3
   965 | D:2      | Reached skill level 5 in Ranged Weapons
  1363 | D:3      | Reached XP level 4. HP: 26/26 MP: 4/4
  1421 | D:3      | Found a radiant altar of Vehumet.
  1934 | D:4      | Reached skill level 6 in Ranged Weapons
  2000 | D:4      | Reached XP level 5. HP: 30/30 MP: 5/5
  2035 | D:4      | Found a shimmering blue altar of Sif Muna.
  2037 | D:4      | Found a hide-covered altar of Uskayaw.
  2055 | D:4      | Found a glowing silver altar of Zin.
  2082 | D:4      | Noticed a phantom
  2292 | D:4      | Killed a phantom
  2293 | D:4      | Reached skill level 7 in Ranged Weapons
  2293 | D:4      | Reached XP level 6. HP: 32/35 MP: 6/6
  2357 | D:4      | Noticed Sigmund
  2389 | D:4      | Reached skill level 8 in Ranged Weapons
  2412 | D:4      | Reached XP level 7. HP: 37/40 MP: 7/7
  2488 | D:4      | Found Vaajaev's Weapon Shoppe.
  2857 | D:4      | Found a runed translucent door.
  2858 | D:4      | Noticed Crazy Yiuf
  2895 | D:5      | Entered Level 5 of the Dungeon
  3082 | D:5      | Found a staircase to the Ecumenical Temple.
  3095 | Temple   | Entered the Ecumenical Temple
  3398 | Temple   | Became a worshipper of Gozag Ym Sagoz the Greedy
  3481 | D:5      | Reached skill level 9 in Ranged Weapons
  4085 | D:5      | Found an ancient bone altar of Kikubaaqudgha.
  4187 | D:5      | Reached XP level 8. HP: 44/44 MP: 8/8
  4233 | D:5      | Reached skill level 10 in Ranged Weapons
  4683 | D:4      | Killed Sigmund
  4736 | D:4      | Killed Crazy Yiuf
  5018 | D:5      | Found Zisku's Jewellery Boutique.
  5039 | D:5      | Reached skill level 11 in Ranged Weapons
  5344 | D:6      | Noticed Edmund
  5367 | D:6      | Killed Edmund
  5546 | D:6      | Found a sand-covered staircase.
  5555 | Ossuary  | Entered an ossuary
  5555 | Ossuary  | Noticed a wraith
  5555 | Ossuary  | Noticed a wraith
  5555 | Ossuary  | Noticed a wraith
  6078 | Ossuary  | Noticed a wraith
  6096 | Ossuary  | HP: 1/44 [wraith (4)]
  6096 | Ossuary  | Slain by a wraith

Illustrated notes

Levels and vault maps discovered:
D:1:      shiori_arrival_oz, layout_loops_ring,
          shapermc_ecumenical_altar_mp_highgroup, serial_park_tiny_2
D:2:      layout_rooms
D:3:      layout_basic, vehumet_altar_wand_db, due_unseen_surprise
D:4:      layout_basic, mainiacjoe_overflow_concentric_impassable,
          chequers_temple_overflow_statue_of_worship, serial_shops,
          nicolae_square_shop, uniq_sigmund, uniq_crazy_yiuf_cottage
D:5:      layout_loops_ring, mainiacjoe_overflow_alcove_1,
          minmay_temple_entry_large_hall, serial_shops, shop
D:6:      layout_loops_cross, nicolae_ossuary_entry_ruins, uniq_maggie,
          uniq_edmund
Temple:   minmay_temple_bridge_d
Ossuary:  ossuary_kennysheep_city_of_the_dead

Skill      XL: |  1  2  3  4  5  6  7  8 |
---------------+-------------------------+-----
Ranged Weapons | 5 6 7 8 9 11 | 11.5
Fighting       | |  2.1
Dodging        | |  1.5
Stealth        | |  1.1

Action                   |  1- 3 |  4- 6 |  7- 9 || total
-------------------------+-------+-------+-------++-------
Melee: Shortbow          |       |       |     1 ||     1
 Fire: Shortbow          |   118 |   162 |   336 ||   616
  Use: Scroll            |     8 |     1 |     3 ||    12
       Potion            |       |       |     1 ||     1
Armor: Leather armour    |    20 |    48 |    83 ||   151
Dodge: Dodged            |    23 |    68 |    84 ||   175

Table legend: (Time is in decaauts)
 A = Elapsed time spent in this place.
 B = Non-inter-level travel time spent in this place.
 C = Inter-level travel time spent in this place.
 D = Time resting spent in this place.
 E = Time spent auto-exploring this place.
 F = Levels seen in this place.
 G = Mean time per level.
                   A        B        C        D        E       F      G
               +--------+--------+--------+--------+--------+-----+--------+
         Total |   6197 |   5829 |    368 |   1400 |   3135 |   8 |  774.6 |
       Dungeon |   5019 |   4801 |    218 |    954 |   2694 |   6 |  836.5 |
        Temple |    630 |    480 |    150 |    214 |    213 |   1 |  630.0 |
       Ossuary |    546 |    546 |      0 |    232 |    228 |   1 |  546.0 |
               +--------+--------+--------+--------+--------+-----+--------+

Top non-repeatable levels by time:
     D:5: 1513 daAuts
     D:4: 1313 daAuts
     D:1: 850 daAuts
  Temple: 630 daAuts
     D:3: 624 daAuts
 Ossuary: 546 daAuts
     D:2: 538 daAuts
     D:6: 180 daAuts
